 Dungeon Crawl Stone Soup version 0.28-a0-1152-g9c71ebef14 (webtiles) character file.

Game seed: 5598467344118184753

35 SnakkuSnakku7 the Cudgeller (level 3, -2/29 HPs)
             Began as a Demonspawn Cinder Acolyte on Dec 15, 2021.
             Was a High Priest of Ignis.
             Slain by an orc (3 damage)
             ... on level 2 of the Dungeon.
             The game lasted 00:02:45 (1624 turns).

SnakkuSnakku7 the Cudgeller (DsCA)                  Turns: 1624, Time: 00:02:46

Health: -2/29      AC:  5    Str: 16    XL:     3   Next: 17%
Magic:  4/4        EV: 10    Int: 15    God:    Ignis [*****.]
Gold:   26         SH:  0    Dex:  8    Spells: 4/4 levels left

rFire   + . .      SeeInvis .   n - +0 flail
rCold   . . .      Faith    .   (no shield)
rNeg    . . .      Spirit   .   m - +0 ring mail
rPois   .          Reflect  .   (helmet restricted)
rElec   .          Harm     .   (no cloak)
rCorr   .          Rampage  .   (no gloves)
Will    .....                   (no boots)
Stlth   ..........              (no amulet)
HPRegen 0.09/turn               (no ring)
MPRegen 0.09/turn               (no ring)

@: no status effects
A: antennae 2
a: Renounce Religion, Fiery Armour, Foxfire Swarm, Rising Flame


You were on level 2 of the Dungeon.
You worshipped Ignis.
Ignis was extremely pleased with you.
You visited 1 branch of the dungeon, and saw 2 of its levels.

You collected 26 gold pieces.

Inventory:

Hand Weapons
 a - a -1 mace of flaming
 n - a +0 flail (weapon)
Armour
 b - a +0 robe
 m - a +0 ring mail (worn)
Scrolls
 f - a scroll of fear {unknown}
 g - a scroll of torment {unknown}
 i - 3 scrolls of teleportation {unknown}
 j - a scroll of identify {unknown}
 k - a scroll of enchant armour {unknown}
Potions
 c - a potion of attraction {unknown}
 d - a potion of resistance {unknown}
 e - a potion of curing {unknown}
 h - a potion of lignification {unknown}
 l - a potion of mutation {unknown}


   Skills:
 - Level 3.0 Fighting
 + Level 3.9 Maces & Flails
 - Level 1.0 Spellcasting
 - Level 2.6 Fire Magic


You had 4 spell levels left.
You didn't know any spells.
Your spell library contained the following spells:

 Spells                   Type           Power      Damage    Failure   Level
 Scorch                   Fire           16%        2d5       24%         2
 Magic Dart               Conj           0%         1d3       43%         1
 Searing Ray              Conj           0%         2d4       56%         2
 Starburst                Conj/Fire      2%         6d3       100%        6


Dungeon Overview and Level Annotations

Branches:
Dungeon (2/15)

Altars:


Innate Abilities, Weirdness & Mutations

You have a pair of antennae on your head.


Message History

There is a stone staircase leading down here.
An orc comes into view. It is wielding a +0 flail.
An orc is nearby!
An orc comes into view. It is wielding a +0 short sword.
The orc shouts!
You hear a shout!
The orc moves out of view.
An orc comes into view. It is wielding a +0 trident.
The orc moves out of view.
You sock the orc! You burn the orc.
You kill the orc!
You see here a +0 flail.
n - a +0 flail Your -1 mace of flaming stops flaming.
n - a +0 flail (weapon)
The orc hits you with a +0 short sword.
You barely miss the orc. The orc hits you but does no damage.
You closely miss the orc. The orc closely misses you.
The orc hits you with a +0 short sword.
You barely miss the orc. The orc hits you with a +0 short sword.
An orc priest comes into view. It is wielding a +0 whip.
The orc priest shouts!
You hit the orc but do no damage.
You hear a shout!
The orc barely misses you.
You thump the orc!
You kill the orc!
An orc comes into view. It is wielding a +0 hand axe.
The orc priest mumbles some strange prayers to Beogh against you.
Beogh smites you!
Found a leather armour.
Found a stone staircase leading up.
The orc shouts!
The orc hits you with a +0 trident.
* * * LOW HITPOINT WARNING * * *
The orc hits you with a +0 trident.
* * * LOW HITPOINT WARNING * * *
Activating: Foxfire Swarm
Press: ? - help, Dir - look around, f - activate Flames leap up around you!
The orc hits you with a +0 trident.
You die...

#.# ##.....## #.#
#.......# #.#
#........ #.#
#.......# #.#
#....... ##.###
########...[.# .....#
#.o....vvv#
>#.#.####.######v####
..........# #@ov.#
.#.#.###..)...ovvvv.#
.....# #.##########.#
##.......# .#
######### #


You could see 2 orcs.

Vanquished Creatures
  3 dart slugs
  2 orcs (D:2)
  A ball python (D:1)
  3 endoplasms (D:1)
  4 giant cockroaches (D:1)
  A hobgoblin (D:1)
  A kobold (D:1)
  3 frilled lizards (D:1)
  5 goblins
  2 rats (D:1)
25 creatures vanquished.

Vanquished Creatures (others)
  5 foxfires (D:1)
5 creatures vanquished.

Grand Total: 30 creatures vanquished

Notes
Turn   | Place    | Note
-------+----------+-------------------------------------------
     0 | D:1      | SnakkuSnakku7 the Demonspawn Cinder Acolyte began the quest
                  | for the Orb.
     0 | D:1      | Reached XP level 1. HP: 18/18 MP: 2/2
   599 | D:1      | Gained mutation: You have a pair of small antennae on your
                  | head. [demonic ancestry]
   599 | D:1      | Reached XP level 2. HP: 24/24 MP: 3/3
   934 | D:1      | Got the Volume of the Tundras
  1443 | D:2      | Gained mutation: You have a pair of antennae on your head.
                  | [demonic ancestry]
  1443 | D:2      | Reached XP level 3. HP: 16/29 MP: 4/4
  1623 | D:2      | HP: 1/29 [orc (4)]
  1624 | D:2      | Slain by an orc

Illustrated notes

Levels and vault maps discovered:
D:1:      psy_arrival_heroes, layout_basic
D:2:      layout_loops_ring, basic_altar

Skill      XL: |  1 |
---------------+----+-----
Maces & Flails | 3 |  3.9
Fighting       | |  3.0
Spellcasting   | |  1.0
Fire Magic     | |  2.6

Action                   || total
-------------------------++-------
Melee: Mace              ||    82
       Flail             ||     5
Invok: Foxfire Swarm     ||     2
Armor: Robe              ||     6
       Ring mail         ||     9
Dodge: Dodged            ||    56

Table legend: (Time is in decaauts)
 A = Elapsed time spent in this place.
 B = Non-inter-level travel time spent in this place.
 C = Inter-level travel time spent in this place.
 D = Time resting spent in this place.
 E = Time spent auto-exploring this place.
 F = Levels seen in this place.
 G = Mean time per level.
                   A        B        C        D        E       F      G
               +--------+--------+--------+--------+--------+-----+--------+
         Total |   1642 |   1631 |     11 |    237 |   1054 |   2 |  821.0 |
       Dungeon |   1642 |   1631 |     11 |    237 |   1054 |   2 |  821.0 |
               +--------+--------+--------+--------+--------+-----+--------+

Top non-repeatable levels by time:
     D:1: 1439 daAuts
     D:2: 203 daAuts
